 Dungeon Crawl Stone Soup version 0.30-a0-528-g8c47a4955b (webtiles) character file.

Game seed: 3256594624808839199

160 greenreed the Cudgeller (level 5, -1/46 HPs)
             Began as a Draconian Fighter on Dec 23, 2022.
             Was an Initiate of Gozag.
             Splashed by a jelly's acid (6 damage)
             ... on level 3 of the Dungeon.
             The game lasted 00:05:05 (1900 turns).

greenreed the Cudgeller (Draconian Fighter)         Turns: 1900, Time: 00:05:06

Health: -1/46      AC: -10   Str: 21    XL:     5   Next: 17%
Magic:  5/5        EV: 12    Int:  8    God:    Gozag
Gold:   92         SH:  4    Dex: 10    Spells: 4/4 levels left

rFire   . . .      SeeInvis .    a - +0 flail
rCold   . . .      Faith    .    b - +0 buckler
rNeg    . . .      Spirit   .    (body armour unavailable)
rPois   .          Reflect  .    (helmet restricted)
rElec   .          Harm     .    (no cloak)
rCorr   .          Rampage  .    o - +0 pair of gloves
Will    .....                    (no boots)
Stlth   +                        (no amulet)
HPRegen 0.27/turn                (no ring)
MPRegen 0.09/turn                (no ring)

@: corroded, gold aura
A: AC +5, unfitting armour, cold-blooded
a: Renounce Religion, Potion Petition, Call Merchant, Bribe Branch


You were on level 3 of the Dungeon.
You worshipped Gozag.
Gozag was noncommittal.
You visited 1 branch of the dungeon, and saw 3 of its levels.

You collected 145 gold pieces.
You paid 53 gold pieces to Gozag.

Inventory:

Hand Weapons
 a - a +0 flail (weapon)
Armour
 b - a +0 buckler (worn)
 o - a +0 pair of gloves (worn)
Jewellery
 n - a ring of wizardry
 p - a ring of resist corrosion
 v - an amulet of magic regeneration
Wands
 u - a wand of iceblast (7)
Scrolls
 d - a scroll of fear {unknown}
 e - 2 scrolls of torment {unknown}
 f - 2 scrolls of teleportation {unknown}
 g - 2 scrolls of identify {unknown}
 j - a scroll of enchant weapon {unknown}
 k - a scroll of amnesia {unknown}
 m - 2 scrolls of fog {unknown}
 r - 2 scrolls of blinking {unknown}
 y - a scroll of acquirement {unknown}
Potions
 c - a potion of might
 h - a potion of attraction {unknown}
 i - a potion of curing {unknown}
 l - 2 potions of brilliance {unknown}
 q - a potion of heal wounds {unknown}
 s - 2 potions of degeneration {unknown}
 t - a potion of haste {unknown}
 w - a potion of mutation {unknown}
 x - a potion of berserk rage {unknown}


   Skills:
 * Level 3.9 Fighting
 * Level 4.2 Maces & Flails
 + Level 3.2 Dodging
 + Level 0.4 Stealth
 + Level 3.5 Shields


You had 4 spell levels left.
You didn't know any spells.
Your spell library was empty.

Dungeon Overview and Level Annotations

Branches:
Dungeon (3/15)

Altars:
Gozag
Qazlal
Sif Muna
Vehumet
The Shining One


Innate Abilities, Weirdness & Mutations

Your plain brown scales are hard. (AC +5)
You cannot fit into any form of body armour.
You are cold-blooded and may be slowed by cold attacks.


Message History

You are frozen.
You hit the endoplasm but do no damage.
The endoplasm is severely wounded.
The endoplasm is distracted by your dazzling golden aura.
The endoplasm quivers.
You hit the endoplasm.
You kill the endoplasm!
You are no longer corroded.
You start resting.
HP restored.
The jelly quivers.
There is an open door here.
You see here 36 gold pieces.
The endoplasm quivers.
The endoplasm quivers.
You sock the endoplasm!
You kill the endoplasm!
You sock the jelly! The acid corrodes you!
Your hands burn!
The jelly is severely wounded.
The jelly barely misses you.
You hit the jelly. The acid corrodes you!
Your hands burn!
The jelly is severely wounded.
The jelly hits you. The acid corrodes you!
You are splashed with acid!
You hit the jelly but do no damage.
Your hands burn!
The jelly is severely wounded.
The jelly barely misses you.
You are too injured to fight recklessly!
You barely miss the jelly.
The jelly is severely wounded.
The jelly completely misses you. The jelly hits you. The acid corrodes you!
You are splashed with acid!
* * * LOW HITPOINT WARNING * * *
You hit the jelly.
Your hands burn!
* * * LOW HITPOINT WARNING * * *
The jelly is almost dead.
The jelly hits you.
* * * LOW HITPOINT WARNING * * *
You are splashed with acid.
You die...
Your body crumbles into a pile of gold.

##.###...))###..##.....
#..##.......########.##
#..##.......# #...
#..##.......# ####.#.
#..##.......# ##......
#.###....#### ##.......
#.# #....'..###........
#.# ########.##........
#.# ##@..)..###........
#.# #J####### #........
####....JP... #.....)..
#...J..... #........
#......÷P. ##.......
#.÷.P..÷÷÷ ##.....#
#......÷.. #######
#.....P..! ##########


You could see a jelly.

Vanquished Creatures
  2 jellies (D:3)
  2 adders (D:3)
  2 worms (D:3)
  2 dart slugs (D:3)
  An orc (D:3)
  10 endoplasms
  6 hobgoblins
  4 jackals (D:3)
  A quokka (D:1)
  5 ball pythons
  5 bats
  4 frilled lizards
  3 goblins
  13 kobolds
  7 rats
67 creatures vanquished.

Vanquished Creatures (others)
  A fungus (D:3)
  10 toadstools (D:3)
11 creatures vanquished.

Grand Total: 78 creatures vanquished

Notes
Turn   | Place    | Note
-------+----------+-------------------------------------------
     0 | D:1      | greenreed the Draconian Fighter began the quest for the
                  | Orb.
     0 | D:1      | Reached XP level 1. HP: 19/19 MP: 1/1
   122 | D:1      | Reached XP level 2. HP: 21/26 MP: 2/2
   788 | D:2      | Reached XP level 3. HP: 31/31 MP: 3/3
   952 | D:2      | You fall into a shaft and drop 1 floor!
   981 | D:3      | Reached skill level 3 in Maces & Flails
  1358 | D:3      | Reached XP level 4. HP: 34/40 MP: 4/4
  1438 | D:3      | Found a stormy altar of Qazlal.
  1452 | D:3      | Found an opulent altar of Gozag.
  1463 | D:3      | Found a shimmering blue altar of Sif Muna.
  1480 | D:3      | Found a glowing golden altar of the Shining One.
  1667 | D:3      | Became a worshipper of Gozag Ym Sagoz the Greedy
  1682 | D:3      | Found a radiant altar of Vehumet.
  1795 | D:3      | Reached skill level 4 in Maces & Flails
  1795 | D:3      | Reached XP level 5. HP: 25/46 MP: 5/5
  1900 | D:3      | Splashed by a jelly's acid

Illustrated notes

Levels and vault maps discovered:
D:1:      shiori_arrival_maze, layout_loops_cross
D:2:      layout_loops_ring, columned_hall_lemuel
D:3:      cheibrodos_fertilizer, layout_rooms,
          nicolae_overflow_quartered_altars, mainiacjoe_overflow_alcove_2,
          ebering_ecumenical_altar_sacrificial, lightli_corner_chamber

Skill      XL: |  1  2  3  4 |
---------------+-------------+-----
Dodging        | 3 |  3.2
Maces & Flails | 3 4 |  4.2
Fighting       | |  3.9
Stealth        | |  0.4
Shields        | |  3.5

Action                   |  1- 3 |  4- 6 || total
-------------------------+-------+-------++-------
Melee: Flail             |   113 |    64 ||   177
       Tailslap          |     8 |     7 ||    15
 Stab: Sleeping          |     1 |       ||     1
Armor: Skin              |    45 |    31 ||    76
Dodge: Dodged            |    86 |    65 ||   151
Block: Buckler           |    29 |    17 ||    46

Table legend: (Time is in decaauts)
 A = Elapsed time spent in this place.
 B = Non-inter-level travel time spent in this place.
 C = Inter-level travel time spent in this place.
 D = Time resting spent in this place.
 E = Time spent auto-exploring this place.
 F = Levels seen in this place.
 G = Mean time per level.
                   A        B        C        D        E       F      G
               +--------+--------+--------+--------+--------+-----+--------+
         Total |   1955 |   1889 |     66 |     82 |   1357 |   3 |  651.7 |
       Dungeon |   1955 |   1889 |     66 |     82 |   1357 |   3 |  651.7 |
               +--------+--------+--------+--------+--------+-----+--------+

Top non-repeatable levels by time:
     D:1: 714 daAuts
     D:3: 630 daAuts
     D:2: 609 daAuts
